 Dungeon Crawl Stone Soup version 0.19.4-9-g45fd643 (webtiles) character file.

8 vatarom the Caller (level 2, 0/21 HPs)
             Began as a Mummy Summoner on Feb 20, 2017.
             Slain by a jackal (3 damage)
             ... on level 1 of the Dungeon.
             The game lasted 00:01:32 (643 turns).

vatarom the Caller (Mummy Summoner)                  Turns: 643, Time: 00:01:33

Health: 0/21       AC:  2    Str: 11    XL:     2   Next: 0%
Magic:  0/5        EV: 12    Int: 14    God:
Gold:   60         SH:  0    Dex: 12    Spells: 1 memorised, 4 levels left

rFire  x . .     SeeInvis .     (no weapon)
rCold  + . .     Gourm    .     a - +0 robe
rNeg   + + +     Faith    .     (no shield)
rPois  ∞         Spirit   .     (no helmet)
rElec  .         Reflect  .     (no cloak)
rCorr  .         Harm     .     (no gloves)
MR     .....                    (no boots)
Stlth  ++........               (no amulet)
                                (no ring)
                                (no ring)

@: no status effects
A: no food or potions, fire vulnerability, cold resistance 1, negative energy
resistance 3, torment resistance, unbreathing
a: no special abilities


You were on level 1 of the Dungeon.
You were not hungry.

You visited 1 branch of the dungeon, and saw 1 of its levels.

You collected 60 gold pieces.

Inventory:

Hand Weapons
 c - a +0 club
Armour
 a - a +0 robe (worn)
Scrolls
 d - a scroll of enchant weapon
Books
 b - a book of Callings

   Spells                             Type                      Level
   a - Summon Small Mammal            Summoning                    1
   b - Call Imp                       Summoning                    2
   c - Call Canine Familiar           Summoning                    3
   d - Summon Guardian Golem          Hexes/Summoning              3
   e - Summon Lightning Spire         Summoning/Air                4
   f - Summon Ice Beast               Ice/Summoning                4


   Skills:
 + Level 1.6 Fighting
 - Level 1.5 Dodging
 - Level 1.5 Stealth
 - Level 2.0 Spellcasting
 - Level 3.2 Summonings


You had 4 spell levels left.
You knew the following spells:

 Your Spells              Type           Power        Failure   Level  Hunger
a - Summon Small Mammal   Summ           ##..         10%         1    N/A

Dungeon Overview and Level Annotations

Branches:
Dungeon (1/15)

Altars:


Innate Abilities, Weirdness & Mutations

You do not eat or drink.
Your flesh is vulnerable to fire.
You are immune to poison.
Your flesh is cold resistant. (rC+)
You are immune to negative energy. (rN+++)
You are immune to unholy pain and torment.
You can survive without breathing.


Message History

The jackal bites you but does no damage.
The leopard gecko barely misses your bat.
Your bat closely misses the jackal.
The jackal bites your bat but does no damage.
The jackal barely misses you.
Your bat closely misses the jackal.
Your bat closely misses the jackal.
The jackal misses your bat.
Found a royal jelly.
Your bat barely misses the jackal. x2; The jackal bites your bat.
Your bat hits the jackal but does no damage.
Your bat misses the jackal. The jackal barely misses your bat.
Your bat barely misses the jackal.
The jackal bites your bat.
Your bat dies!
Your bat's corpse disappears in a puff of smoke!
The jackal barks!
Found 11 poisoned needles.
Casting: Summon Small Mammal
Confirm with . or Enter, or press ? or * to list all spells.
The jackal bites you.
You die...

##h.# #.# #.# ##l#
#.# .. #.#
#.##############
#....#.........# #
####...........#
#.##
###.....h...##.....
#.....g.hb!......
#.....hlh@.......
#.........#..%...
#....!....# .....
########### ....
..( ##


You could see a leopard gecko, 4 jackals, a goblin and a friendly bat.

Vanquished Creatures
  3 hobgoblins (D:1)
  A frilled lizard (D:1)
4 creatures vanquished.

Vanquished Creatures (collateral kills)
  A bat (D:1)
  A giant cockroach (D:1)
  A goblin (D:1)
  2 hobgoblins (D:1)
  A rat (D:1)
6 creatures vanquished.

Grand Total: 10 creatures vanquished

Notes
Turn   | Place    | Note
-------+----------+-------------------------------------------
     0 | D:1      | vatarom the Mummy Summoner began the quest for the Orb.
     0 | D:1      | Reached XP level 1. HP: 13/13 MP: 3/3
    74 | D:1      | Reached skill level 1 in Fighting
   572 | D:1      | Reached XP level 2. HP: 12/21 MP: 1/5
   643 | D:1      | Slain by a jackal

Skill      XL: |  1 |
---------------+----+-----
Fighting       | 1 |  1.6
Dodging        | |  1.5
Stealth        | |  1.5
Spellcasting   | |  2.0
Summonings     | |  3.2

Action                   || total
-------------------------++-------
Melee: Unarmed           ||    58
 Cast: Summon Small Mamm ||    19
  Use: Scroll            ||     3
 Stab: Sleeping          ||     1
Armor: Robe              ||    24
Dodge: Dodged            ||    70
